 Dungeon Crawl Stone Soup version 0.27-a0-412-g8dd771eca2 (webtiles) character file.

Game seed: 12401511909414011555

732 wampuh the Changer (level 7, -3/52 HPs)
             Began as a Yellow Draconian Transmuter on Feb 24, 2021.
             Was a Follower of Nemelex Xobeh.
             Slain by a hound (4 damage)
             ... on level 4 of the Dungeon.
             The game lasted 00:05:43 (3435 turns).

wampuh the Changer (Yellow Draconian Transmuter)    Turns: 3435, Time: 00:05:44

Health: -3/52      AC:  7    Str: 12    XL:     7   Next: 45%
Magic:  6/10       EV: 12    Int: 13    God:    Nemelex Xobeh [*.....]
Gold:   169        SH:  0    Dex: 14    Spells: 0/10 levels left

rFire    . . .     SeeInvis .     - Unarmed
rCold    . . .     Faith    .   (no shield)
rNeg     . . .     Spirit   .   (armour unavailable)
rPois    +         Reflect  .   (helmet currently unavailable)
rElec    .         Harm     .   d - scarf {repulsion}
rCorr    +         Rampage  .   m - +0 pair of gloves
Will     .....                  (boots currently unavailable)
Stlth    +.........             e - amulet of regeneration
HPRegen  1.17/turn              f - ring of wizardry
MPRegen  0.12/turn              l - ring of poison resistance

@: appendages, wereblooded, repel missiles
A: spit acid, unfitting armour, horns 2, talons 2, cold-blooded, acid
resistance, AC +6
a: Breathe Acid, End Transformation, Renounce Religion, Draw Escape, Draw
Destruction, Draw Summoning


You were on level 4 of the Dungeon.
You worshipped Nemelex Xobeh.
Nemelex Xobeh was aware of your devotion.
You had grown temporary horns.
You had grown temporary talons.
You visited 1 branch of the dungeon, and saw 4 of its levels.

You collected 169 gold pieces.

Inventory:

Armour
 d - a scarf of repulsion (worn)
 m - a +0 pair of gloves (worn)
Jewellery
 e - an amulet of regeneration (around neck)
 f - a ring of wizardry (left hand)
 l - a ring of poison resistance (right hand)
Scrolls
 a - a scroll of magic mapping {unknown}
 c - 8 scrolls of identify {unknown}
 h - 6 scrolls of teleportation {unknown}
 i - a scroll of enchant weapon {unknown}
 n - a scroll of blinking {unknown}
 o - a scroll of immolation {unknown}
 q - a scroll of enchant armour {unknown}
Potions
 b - 2 potions of mutation {unknown}
 g - 2 potions of flight {unknown}
 j - 2 potions of heal wounds {unknown}
 k - 2 potions of haste {unknown}
 p - a potion of might {unknown}
 r - a potion of invisibility {unknown}


   Skills:
 - Level 1.1 Fighting
 - Level 1.7 Dodging
 - Level 0.5 Stealth
 - Level 6.0 Unarmed Combat
 - Level 2.0 Spellcasting
 + Level 6.6 Transmutations


You couldn't memorise any spells.
You knew the following spells:

 Your Spells              Type           Power        Failure   Level
a - Beastly Appendage     Tmut           36%          1%          1
b - Blink                 Tloc           N/A          16%         2
c - Blade Hands           Tmut           9%           17%         5
d - Wereblood             Tmut           18%          1%          2

Your spell library contained the following spells:

 Spells                   Type           Power        Failure   Level
 Spider Form              Tmut/Pois      4%           8%          3
 Magic Dart               Conj           4%           11%         1
 Call Imp                 Summ           1%           16%         2
 Slow                     Hex            1%           16%         2
 Ice Form                 Ice/Tmut       9%           26%         4
 Conjure Flame            Conj/Fire      1%           28%         3
 Mephitic Cloud           Conj/Pois/Air  1%           28%         3


Dungeon Overview and Level Annotations

Branches:
Dungeon (4/15)
 Temple: D:4-7

Altars:
Gozag
Kikubaaqudgha
Nemelex Xobeh
Ru
Yredelemnul


Innate Abilities, Weirdness & Mutations

You can spit globs of acid.
Your golden yellow scales are hard. (AC +6)
You cannot fit into any form of body armour.
You are cold-blooded and may be slowed by cold attacks.
You are resistant to acid. (rCorr)
You have a pair of horns on your head.
You have razor-sharp toenails.


Message History

You barely miss the hound.
The hound is lightly wounded.
The orc barely misses you. The hound bites you but does no damage.
The frilled lizard bites you but does no damage.
The ball python skeleton bites you but does no damage.
The ball python skeleton closely misses you.
The orc hits you but does no damage. The orc closely misses you.
You hit the hound. Your kick misses the hound. Your headbutt misses the hound.
The hound is heavily wounded.
The hound bites you. The orc closely misses you.
The frilled lizard unfolds its giant frill.
The frilled lizard barely misses you.
The ball python skeleton bites you but does no damage.
The ball python skeleton grabs you.
The ball python skeleton constricts you.
You hit the ball python skeleton.
You destroy the ball python skeleton!
The hound bites you. The orc hits you with a +0 war axe!
The orc hits you with a +0 short sword. The orc closely misses you.
The hound barely misses you. The orc closely misses you.
The frilled lizard bites you.
Unknown command.
You closely miss the hound. You claw the hound!
The hound is almost dead.
The orc hits you with a +0 short sword. The hound closely misses you.
The orc closely misses you.
The orc hits you with a +2 war axe of electrocution!
The frilled lizard bites you but does no damage.
Unknown command.
You are too injured to fight recklessly!
You punch the orc!
You kill the orc!
You howl as the wereblood boils in your veins!
The hound barely misses you.
The orc hits you with a +2 falchion of distortion.
Space warps horribly around you!
* * * LOW HITPOINT WARNING * * *
The orc misses you. x2; The hound bites you.
You die...
Your body disappears without a glow.

#.. #.. ###### #..
##..... ### #####..
.'..... .. +...>..
.....##'### ####.#'
#........# #.#.
#...l....# #.#. .#
#..o@)...# #######+#.
.. #..hoo...#
#......... #.
#........# #........#
#.## #........#
#........#
########..#
#........# #........'
.......##.#
######'#####........#
.......##.##
#...)...##...)....#
.......##..#
#.......##.........
.....)('...##
#.......########...


You could see a hound, 3 orcs and a frilled lizard.

Vanquished Creatures
  Grinder (D:3)
  An ogre (D:4)
  A scorpion (D:4)
  A howler monkey (D:4)
  A hound (D:4)
  An orc priest (D:2)
  2 worker ants (D:4)
  2 orc wizards
  A hound skeleton (D:4)
  6 adders
  4 oozes
  2 worms (D:2)
  2 dart slugs
  2 leopard geckos (D:1)
  16 orcs
  6 bats
  5 giant cockroaches
  2 gnoll zombies (D:3)
  9 goblins
  10 hobgoblins
  3 jackals (D:1)
  A quokka (D:3)
  A ball python (D:4)
  A ball python skeleton (D:4)
  5 frilled lizards
  11 kobolds
  A quokka skeleton (D:3)
  11 rats
109 creatures vanquished.

Notes
Turn   | Place    | Note
-------+----------+-------------------------------------------
     0 | D:1      | wampuh the Draconian Transmuter began the quest for the
                  | Orb.
     0 | D:1      | Reached XP level 1. HP: 16/16 MP: 3/3
   330 | D:1      | Reached XP level 2. HP: 23/23 MP: 3/5
   637 | D:1      | Reached XP level 3. HP: 20/28 MP: 4/6
   958 | D:1      | Learned a level 2 spell: Wereblood
   993 | D:1      | You fall into a shaft and drop 1 floor!
  1465 | D:1      | Reached XP level 4. HP: 35/35 MP: 5/7
  1734 | D:2      | Found an opulent altar of Gozag.
  2381 | D:2      | Reached XP level 5. HP: 18/40 MP: 5/8
  2642 | D:3      | Noticed Grinder
  2657 | D:3      | Paralysed by Grinder for 4 turns
  2668 | D:3      | Killed Grinder
  2669 | D:3      | Reached skill level 5 in Unarmed Combat
  2669 | D:3      | Reached XP level 6. HP: 34/47 MP: 6/9
  2723 | D:3      | Found a faded altar of an unknown god.
  2734 | D:3      | Became a worshipper of Nemelex Xobeh the Trickster
  2734 | D:3      | Reached * piety under Nemelex Xobeh
  2971 | D:3      | Found a basalt altar of Yredelemnul.
  3071 | D:3      | Found a sacrificial altar of Ru.
  3115 | D:4      | Reached skill level 5 in Transmutations
  3121 | D:4      | Your scales start taking on a golden yellow colour.
  3121 | D:4      | Reached XP level 7. HP: 49/52 MP: 7/10
  3121 | D:4      | Gained mutation: You are resistant to acid. (rCorr) [Yellow
                  | Draconian growth]
  3127 | D:4      | Learned a level 5 spell: Blade Hands
  3130 | D:4      | Learned a level 2 spell: Blink
  3287 | D:4      | Found an ancient bone altar of Kikubaaqudgha.
  3435 | D:4      | HP: 1/52 [orc/+2 falchion of distortion (16)]
  3435 | D:4      | Slain by a hound

Illustrated notes

Levels and vault maps discovered:
D:1:      dpeg_arrival_rooms_c, layout_basic
D:2:      layout_loops_corners, grunt_gozag_statues, minmay_misc_feat_x,
          kennysheep_generic_room_10
D:3:      corexii_shack_village, layout_rooms, nicolae_ru_path_of_blood,
          lemuel_zombie_altar_yredelemnul, chequers_ecumenical_altar_island,
          uniq_grinder
D:4:      layout_basic, kennysheep_mini, nicolae_overflow_hidden_temple

Skill      XL: |  1  2  3  4  5  6  7 |
---------------+----------------------+-----
Unarmed Combat | 4 5 6 |  6.0
Transmutations | 3 4 5 6 |  6.6
Fighting       | |  1.1
Dodging        | |  1.7
Stealth        | |  0.5
Spellcasting   | |  2.0

Action                   |  1- 3 |  4- 6 |  7- 9 || total
-------------------------+-------+-------+-------++-------
Melee: Unarmed           |    98 |   148 |    54 ||   300
       Kick              |    19 |    30 |     8 ||    57
       Headbutt          |     9 |    20 |     4 ||    33
       Tailslap          |     6 |    23 |     3 ||    32
       Punch             |       |     3 |     1 ||     4
 Cast: Beastly Appendage |    28 |    29 |     5 ||    62
       Wereblood         |     1 |     4 |     3 ||     8
       Blink             |       |       |     1 ||     1
 Abil: Breathe Acid      |       |       |     1 ||     1
 Stab: Sleeping          |     2 |       |       ||     2
Armor: Skin              |    24 |    39 |    22 ||    85
Dodge: Dodged            |    57 |    81 |    60 ||   198

Table legend: (Time is in decaauts)
 A = Elapsed time spent in this place.
 B = Non-inter-level travel time spent in this place.
 C = Inter-level travel time spent in this place.
 D = Time resting spent in this place.
 E = Time spent auto-exploring this place.
 F = Levels seen in this place.
 G = Mean time per level.
                   A        B        C        D        E       F      G
               +--------+--------+--------+--------+--------+-----+--------+
         Total |   3414 |   3298 |    116 |     27 |   2603 |   4 |  853.5 |
       Dungeon |   3414 |   3298 |    116 |     27 |   2603 |   4 |  853.5 |
               +--------+--------+--------+--------+--------+-----+--------+

Top non-repeatable levels by time:
     D:1: 1299 daAuts
     D:2: 1073 daAuts
     D:3: 693 daAuts
     D:4: 348 daAuts
